 Dungeon Crawl Stone Soup version 0.29.0-4-gdea44cf6ec (webtiles) character file.

Game seed: 17946918481710595082

79 qw the Chopper (level 4, -1/26 HPs)
             Began as a Tengu Warper on Aug 28, 2022.
             Slain by Pargi (2 damage)
             ... on level 3 of the Dungeon.
             The game lasted 00:00:14 (3153 turns).

qw the Chopper (Tengu Warper)                       Turns: 3153, Time: 00:00:14

Health: -1/26      AC:  8    Str: 11 (13) XL:     4   Next: 37%
Magic:  8/8        EV:  3    Int: 13      God:
Gold:   148        SH:  8    Dex: 12 (14) Spells: 7/7 levels left

rFire   . . .      SeeInvis .   Y - +1 hand axe
rCold   . . .      Faith    .   i - +0 kite shield
rNeg    . . .      Spirit   .   e - +0 chain mail
rPois   .          Reflect  .   (helmet restricted)
rElec   .          Harm     .   (no cloak)
rCorr   .          Rampage  .   (no gloves)
Will    .....                   (boots unavailable)
Stlth   ..........              (no amulet)
HPRegen 0.08/turn               (no ring)
MPRegen 0.11/turn               (no ring)

@: no status effects
A: beak, talons 3
a: no special abilities


You were on level 3 of the Dungeon.
You visited 1 branch of the dungeon, and saw 3 of its levels.

You collected 148 gold pieces.


Innate Abilities, Weirdness & Mutations

You have a beak for a mouth.
You have claws for feet.


   Skills:
 - Level 2.0 Fighting
 - Level 4.1 Axes
 - Level 1.0 Throwing
 - Level 1.1 Armour
 - Level 2.1 Dodging
 + Level 2.1 Shields
 - Level 2.0 Spellcasting
 - Level 2.4 Translocations


You had 7 spell levels left.
You didn't know any spells.
Your spell library contained the following spells:

 Spells                   Type           Power      Damage    Failure   Level
 Blink                    Tloc           14%        N/A       100%        2
 Gell's Gravitas          Tloc           7%         N/A       100%        3
 Lesser Beckoning         Tloc           7%         N/A       100%        3
 Teleport Other           Tloc           7%         N/A       100%        3
 Manifold Assault         Tloc           7%         N/A       100%        5

Inventory:

Hand Weapons
 b - a +0 whip
 Y - a +1 hand axe (weapon)
Armour
 e - a +0 chain mail (worn)
 i - a +0 kite shield (worn)
Scrolls
 f - a scroll of identify
Potions
 a - a potion of resistance {unknown}
 c - a potion of haste {unknown}
 g - a potion of curing {unknown}
 h - a potion of mutation {unknown}
 j - a potion of attraction {unknown}
 k - a potion of flight {unknown}
 l - a potion of heal wounds {unknown}
 m - 2 potions of might

Dungeon Overview and Level Annotations

Branches:
Dungeon (3/15)

Altars:
Cheibriados
Elyvilon
Nemelex Xobeh
Zin

Shops:
D:1 :

Annotations:
D:3 Pargi


Message History

You barely miss Pargi. You claw Pargi.
Pargi is lightly wounded.
Pargi bites you. Pargi claws you but does no damage. You block Pargi's attack.
You hit Pargi but do no damage. Your peck misses Pargi.
Pargi is lightly wounded.
You block Pargi's attack. Pargi claws you. You block Pargi's attack.
You hit Pargi. Your kick misses Pargi.
Pargi is lightly wounded.
Pargi bites you but does no damage. Pargi claws you but does no damage.
You block Pargi's attack. Pargi bites you but does no damage.
Pargi claws you but does no damage. x2
You closely miss Pargi. You claw Pargi. You peck Pargi.
Pargi is moderately wounded.
Pargi bites you but does no damage. Pargi claws you but does no damage.
You block Pargi's attack.
You barely miss Pargi. Your kick misses Pargi. You peck Pargi.
Pargi is heavily wounded.
Pargi bites you. Pargi claws you. Pargi claws you but does no damage.
You hit Pargi.
Pargi is heavily wounded.
Pargi bites you but does no damage. Pargi barely misses you.
Pargi claws you but does no damage.
You hit Pargi. Your peck misses Pargi.
Pargi is heavily wounded.
Pargi snarls, "My home!
Leave!"
Pargi bites you but does no damage. Pargi claws you but does no damage.
Pargi barely misses you. You block Pargi's attack.
Pargi claws you but does no damage. You block Pargi's attack.
You completely miss Pargi.
Pargi is heavily wounded.
Pargi bites you but does no damage. Pargi claws you. x2
You closely miss Pargi.
Pargi is moderately wounded.
You block Pargi's attack. Pargi claws you but does no damage.
You block Pargi's attack.
You miss Pargi. You claw Pargi! Your peck misses Pargi.
Pargi is heavily wounded.
Pargi bites you. Pargi claws you. Pargi claws you but does no damage.
Pargi bites you.
You die...

......## #.#
####.## #.# #.#
# #.# #.# #.
#.# #+# .. #.#
#.#######.#
#.........#
#.....#####
##..T@#
+..............
####....#######
##.#.# ###.#
#.# #.# #.#


You could see Pargi.

Vanquished Creatures
  3 gnolls (D:3)
  3 worms
  A dart slug (D:1)
  6 endoplasms
  2 giant cockroaches
  2 goblins
  3 hobgoblins
  2 jackals (D:2)
  5 ball pythons
  3 bats
  A frilled lizard (D:3)
  3 kobolds
  5 rats
39 creatures vanquished.

Notes
Turn   | Place    | Note
-------+----------+-------------------------------------------
     0 | D:1      | qw the Tengu Warper began the quest for the Orb.
     0 | D:1      | Reached XP level 1. HP: 12/12 MP: 4/4
     0 | D:1      | 0 ||| qw: Version: 0.1-a-89-g26bdef1
     0 | D:1      | 0 ||| qw: Game counter: 713
     0 | D:1      | 0 ||| qw: Always use a shield: true
     0 | D:1      | 0 ||| qw: God list: Okawaru
     0 | D:1      | 0 ||| qw: Allow faded altars: false
     0 | D:1      | 0 ||| qw: Do Orc after D:15 true
     0 | D:1      | 0 ||| qw: Do second Lair branch before Depths: true
     0 | D:1      | 0 ||| qw: Lair rune preference: random
     0 | D:1      | 0 ||| qw: Plans: Normal
     0 | D:1      | 0 ||| PLANNING D:1-11
    61 | D:1      | Found a faded altar of an unknown god.
   116 | D:1      | 116 ||| Stepping ~*~*~tactically~*~*~ (hiding).
   224 | D:1      | Reached XP level 2. HP: 17/17 MP: 6/6
   253 | D:1      | Reached skill level 3 in Axes
   379 | D:1      | Found Nupnag's Book Boutique.
   808 | D:1      | 808 ||| UPGRADING to +0 chain mail.
   818 | D:1      | 818 ||| DROPPING +0 leather armour.
   819 | D:1      | 819 ||| READING scroll labelled GIXYJA LUAGHID.
   820 | D:1      | 820 ||| READING scroll labelled NINUJ ZIOWIMUI.
   821 | D:1      | 821 ||| DRINKING 4 ruby potions.
   822 | D:1      | 822 ||| DRINKING 2 fuming inky potions.
   823 | D:1      | 823 ||| DROPPING scroll of blinking.
   824 | D:1      | 824 ||| DROPPING 3 potions of brilliance.
   825 | D:1      | 825 ||| DROPPING potion of degeneration.
   949 | D:2      | 949 ||| Stepping ~*~*~tactically~*~*~ (stealth).
   965 | D:2      | 965 ||| Stepping ~*~*~tactically~*~*~ (stealth).
  1002 | D:2      | 1002 ||| Stepping ~*~*~tactically~*~*~ (stealth).
  1006 | D:2      | You fall into a shaft and drop 1 floor!
  1040 | D:3      | 1040 ||| DRINKING 2 viscous brown potions.
  1066 | D:3      | 1066 ||| DROPPING potion of lignification.
  1124 | D:2      | 1124 ||| READING scroll labelled QEN SEOWO TEWK.
  1125 | D:2      | 1125 ||| Stepping randomly (stuck).
  1261 | D:2      | Found a snail-covered altar of Cheibriados.
  1307 | D:2      | Reached XP level 3. HP: 21/21 MP: 7/7
  1462 | D:2      | 1462 ||| Stepping ~*~*~tactically~*~*~ (hiding).
  1463 | D:2      | 1463 ||| Stepping ~*~*~tactically~*~*~ (hiding).
  1751 | D:2      | Reached skill level 4 in Axes
  2285 | D:2      | 2285 ||| UPGRADING to +0 kite shield.
  2290 | D:2      | 2290 ||| READING scroll labelled KAWEYS UM XOK.
  2291 | D:2      | 2291 ||| DRINKING 3 inky potions.
  2374 | D:3      | Found a glowing silver altar of Zin.
  2686 | D:3      | Found a sparkling altar of Nemelex Xobeh.
  2716 | D:3      | Found a white marble altar of Elyvilon.
  2855 | D:3      | Reached skill level 1 in Shields
  2896 | D:3      | Reached XP level 4. HP: 22/26 MP: 8/8
  3128 | D:3      | Noticed Pargi
  3148 | D:3      | HP: 6/26 [Pargi (6)]
  3153 | D:3      | HP: 2/26 [Pargi (1)]
  3153 | D:3      | Slain by Pargi

Levels and vault maps discovered:
D:1:      dpeg_arrival_arbitrary_a, layout_loops_ring,
          shapermc_ecumenical_altar_venn, serial_shops, nicolae_shop_waterfront,
          minmay_misc_feat_alley
D:2:      layout_loops_corners, basic_altar, minmay_strange_pillars
D:3:      layout_loops_corners, mainiacjoe_overflow_paths,
          mainiacjoe_overflow_two_lobes, grunt_decor_cap, grunt_decor_fettered,
          uniq_pargi

Skill      XL: |  1  2  3  4 |
---------------+-------------+-----
Axes           | 3 4 |  4.1
Shields        | 1 2 |  2.1
Fighting       | |  2.0
Throwing       | |  1.0
Armour         | |  1.1
Dodging        | |  2.1
Spellcasting   | |  2.0
Translocations | |  2.4

Action                   |  1- 3 |  4- 6 || total
-------------------------+-------+-------++-------
Melee: Hand axe          |    79 |    30 ||   109
       Kick              |    17 |     7 ||    24
       Peck              |    15 |     3 ||    18
Throw: Boomerang         |     7 |       ||     7
  Use: Scroll            |     4 |       ||     4
       Potion            |     4 |       ||     4
Armor: Leather armour    |     7 |       ||     7
       Chain mail        |    18 |    34 ||    52
Dodge: Dodged            |    19 |     7 ||    26
Block: Kite shield       |     9 |    24 ||    33

Table legend:
 A = Non-vault XP
 B = Vault XP
 C = Vault XP percentage of total XP
 D = Non-vault monster count
 E = Vault monster count
 F = Vault count percentage of total count
                 A         B        C        D         E       F
            +---------+---------+-------+---------+---------+-------
      Total |     113 |       0 |   0.0 |      39 |       0 |   0.0
            +---------+---------+-------+---------+---------+-------
        D:1 |      18 |       0 |   0.0 |      11 |       0 |   0.0
        D:2 |      37 |       0 |   0.0 |      17 |       0 |   0.0
        D:3 |      58 |       0 |   0.0 |      11 |       0 |   0.0
            +---------+---------+-------+---------+---------+-------
